 Dungeon Crawl Stone Soup version 0.17.1-1-g73c8601 (webtiles) character file.

199 namelastname112 the Cutter (level 5, -9/41 HPs)
             Began as a Draconian Skald on Jan 9, 2016.
             Shot with an arrow by a centaur (14 damage)
             ... on level 5 of the Dungeon.
             The game lasted 00:04:51 (3130 turns).

namelastname112 the Cutter (Draconian Skald)        Turns: 3130, Time: 00:04:51

Health: -9/41      AC:  6    Str: 14    XL:     5   Next: 48%
Magic:  8/8        EV: 12    Int: 13    God:
Gold:   84         SH:  0    Dex: 11    Spells: 1 memorised, 7 levels left

rFire  + . .     SeeInvis .     o - +1 dagger (drain)
rCold  + . .     Clarity  .     (armour unavailable)
rNeg   . . .     SustAt   .     (no shield)
rPois  +         Gourm    .     (helmet restricted)
rElec  +         Spirit   .     (no cloak)
rCorr  +         Warding  .     m - +0 pair of gloves
rMut   .         Rnd*Tele +     (no boots)
MR     +....                    (no amulet)
Stlth  ++........               q - ring of protection from magic
                                j - ring of teleportation (curse)

@: resistant, somewhat resistant to hostile enchantments, unstealthy
A: unfitting armour, cold-blooded, AC +5
a: Evoke Teleportation


You were on level 5 of the Dungeon.
You were very hungry.

You visited 1 branch of the dungeon, and saw 5 of its levels.

You collected 84 gold pieces.

Inventory:

Hand Weapons
 o - a +1 dagger of draining (weapon)
Armour
 m - a +0 pair of gloves (worn)
Jewellery
 j - a cursed ring of teleportation (left hand)
 l - an uncursed ring of see invisible
 q - a ring of protection from magic (right hand)
 s - an uncursed ring of protection from magic
Scrolls
 a - 2 scrolls of random uselessness {unknown}
 f - a scroll of fog {unknown}
 h - 2 scrolls of teleportation {unknown}
 i - 8 scrolls of identify {unknown}
 k - a scroll of enchant weapon {unknown}
 n - 3 scrolls of remove curse {unknown}
 t - a scroll of blinking {unknown}
Potions
 e - a potion of lignification {unknown}
 g - 3 potions of heal wounds {unknown}
Books
 b - a book of Battle

   Spells                             Type                      Level
   a - Infusion                       Charms                       1
   b - Shroud of Golubria             Charms/Translocation         2
   c - Song of Slaying                Charms                       2
   d - Spectral Weapon                Hexes/Charms                 3
   e - Regeneration                   Charms/Necromancy            3
Miscellaneous
 p - a plain deck of defence
Comestibles
 c - 3 bread rations
 r - 3 fruits
 u - a meat ration


   Skills:
 - Level 2.1 Fighting
 + Level 4.1 Short Blades
 - Level 1.3 Dodging
 + Level 3.8 Stealth
 - Level 2.0 Spellcasting
 - Level 2.6 Charms


You had 7 spell levels left.
You knew the following spells:

 Your Spells              Type           Power        Failure   Level  Hunger
z - Infusion              Chrm           #.....       10%         1    ##.....


Dungeon Overview and Level Annotations

Branches:
Dungeon (5/15)
 Temple: D:4-7

Altars:
Nemelex Xobeh
Ru

Annotations:
D:3 Uhlv's ghost, amateur DgFE


Innate Abilities, Weirdness & Mutations

Your plain brown scales are hard (AC +5).
Your body does not fit into most forms of armour.
You are cold-blooded and may be slowed by cold attacks.


Message History

The killer bee is almost dead.
The killer bee closely misses you. The killer bee barely misses you.
You hit the killer bee.
You kill the killer bee!
Your Short Blades skill increases to level 4!
You are suddenly yanked towards some nearby monsters!
Your surroundings suddenly seem different.
A centaur and a zombie come into view.
The helpless giant frog zombie fails to defend itself.
You impale the giant frog zombie!!
The giant frog zombie hits you but does no damage.
You hit the giant frog zombie. The giant frog zombie hits you.
* * * LOW HITPOINT WARNING * * *
Drink which item? (? for menu, Esc to quit)
It was a potion of resistance.
You feel protected.
The centaur shouts!
The giant frog zombie closely misses you.
The centaur wields a shortbow.
The centaur shoots an arrow.
The arrow hits you!
You die...

#.# #c.
... #.#
#.#
#######.#
......Z.#
#@# ###


You could see a centaur and a giant frog zombie.

Vanquished Creatures
  A killer bee (D:5)
  An iguana (D:3)
  A worker ant (D:4)
  2 adders
  3 oozes
  A worm (D:2)
  2 giant geckos
  3 orcs (D:3)
  5 bats
  2 giant cockroaches
  9 goblins
  4 hobgoblins
  7 jackals
  5 kobolds
  A ball python (D:2)
  4 giant newts
  8 rats
59 creatures vanquished.

Notes
Turn   | Place    | Note
--------------------------------------------------------------
     0 | D:1      | namelastname112 the Draconian Skald began the quest for the Orb.
     0 | D:1      | Reached XP level 1. HP: 17/17 MP: 3/3
   497 | D:1      | Reached skill level 1 in Stealth
   641 | D:1      | Reached XP level 2. HP: 19/24 MP: 5/5
  1509 | D:2      | Reached XP level 3. HP: 27/29 MP: 6/6
  1652 | D:2      | Reached skill level 3 in Short Blades
  1908 | D:2      | Reached XP level 4. HP: 34/36 MP: 7/7
  2082 | D:3      | Found a sparkling altar of Nemelex Xobeh.
  2102 | D:3      | Noticed Uhlv's ghost (amateur DgFE)
  2490 | D:3      | Found a sacrificial altar of Ru.
  2939 | D:4      | Reached XP level 5. HP: 41/41 MP: 8/8
  3114 | D:5      | Entered Level 5 of the Dungeon
  3115 | D:5      | HP: 1/41 [killer bee (7)]
  3126 | D:5      | Reached skill level 4 in Short Blades
  3128 | D:5      | Noticed a centaur
  3130 | D:5      | Shot with an arrow by a centaur

Action                   |  1- 3 |  4- 6 || total
-------------------------+-------+-------++-------
Melee: Short sword       |   160 |       ||   160
       Dagger            |    14 |    63 ||    77
  Use: Potion            |       |     2 ||     2
 Stab: Sleeping          |     5 |     5 ||    10
  Eat: Chunk             |     3 |     3 ||     6
